 Dungeon Crawl Stone Soup version 0.22-a0-422-g9628fc87f1 (webtiles) character file.

52297 Chiseanne the Thaumaturge (level 14, -1/162 HPs)
             Began as a Gnoll Wanderer on May 18, 2018.
             Was an Initiate of Gozag.
             Killed from afar by a frost giant (28 damage)
             ... with a bolt of cold
             ... on level 15 of the Dungeon on May 21, 2018.
             The game lasted 01:19:46 (25236 turns).

Chiseanne the Thaumaturge (Gnoll Wanderer)         Turns: 25236, Time: 01:19:47

Health: -1/162     AC: 20    Str: 17    XL:     14   Next: 63%
Magic:  1/28       EV: 16    Int: 26    God:    Gozag
Gold:   1413       SH:  0    Dex: 18    Spells: 16/33 levels left

rFire    + + .     SeeInvis +   a - +3 broad axe (elec)
rCold    . . .     Gourm    .   (no shield)
rNeg     + . .     Faith    .   S - +3 scale mail "Fuehiaga" {rPois MR+ Str-5 Int+8}
rPois    +         Spirit   .   T - +3 crown of Dyrovepreva {rElec Int+2 SInv}
rElec    +         Reflect  .   W - +1 cloak {MR+}
rCorr    .         Harm     .   y - +0 pair of gloves
MR       +++..                  g - +1 pair of boots
Stlth    ..........             X - amulet of rage
HPRegen  0.37/turn              E - ring of poison resistance
MPRegen  0.21/turn              t - ring of positive energy

@: berserking (expiring), gold aura, hasted, very quick
A: distributed training, fangs 1, agile 1, fire resistance 2, strong nose
a: Potion Petition, Call Merchant, Bribe Branch, Renounce Religion, Evoke
Berserk Rage


You were on level 15 of the Dungeon.
You worshipped Gozag.
Gozag was most pleased with you.
You were not hungry.

You visited 3 branches of the dungeon, and saw 19 of its levels.

You collected 4318 gold pieces.
You spent 1489 gold pieces at shops.
You paid 1416 gold pieces to Gozag.

Inventory:

Hand Weapons
 a - a +3 broad axe of electrocution (weapon)
 c - a +3 long sword of holy wrath
 d - a +2 hand axe of flaming
 k - the +9 staff of Olgreb {rPois}
   (You found it on level 7 of the Dungeon)

   It protects you from poison.
 s - a +0 eveningstar of flaming
 w - a +0 blowgun
 V - the +6 falchion of Demonkind {slice, Dex+3}
   (You found it on level 1 of the Lair of Beasts)

   It inflicts extra damage upon your enemies.
   It affects your dexterity (+3).
Missiles
 l - 75 bolts
 p - 352 arrows
 v - 3 curare-tipped needles
 x - 7 javelins (quivered)
 H - 15 tomahawks
 Y - a throwing net
Armour
 b - a +2 ring mail of fire resistance
 g - a +1 pair of boots (worn)
 y - a +0 pair of gloves (worn)
 S - the +3 scale mail "Fuehiaga" (worn) {rPois MR+ Str-5 Int+8}
   (You bought it in a shop on level 5 of the Dungeon)

   It affects your strength (-5).
   It affects your intelligence (+8).
   It protects you from poison.
   It affects your resistance to hostile enchantments.
 T - the +3 crown of Dyrovepreva (worn) {rElec Int+2 SInv}
   (You bought it in a shop on level 9 of the Dungeon)

   It affects your intelligence (+2).
   It insulates you from electricity.
   It lets you see invisible.
 W - a +1 cloak of magic resistance (worn)
 Z - the +3 ring mail "Imioddun" {rC+ Regen+}
   (You found it on level 3 of the Lair of Beasts)

   It protects you from cold.
   It increases your rate of regeneration.
Magical Staves
 e - an uncursed staff of wizardry
 F - an uncursed staff of power
Jewellery
 t - a ring of positive energy (right hand)
 E - a ring of poison resistance (left hand)
 J - an uncursed ring of wizardry
 X - an amulet of rage (around neck)
Wands
 A - a wand of flame (77)
 C - a wand of digging (28)
 D - a wand of paralysis (10)
 Q - a wand of disintegration (15)
 U - a wand of acid (1)
Scrolls
 i - 2 scrolls of immolation
 j - 7 scrolls of remove curse
 q - a scroll of amnesia
 z - 6 scrolls of teleportation
 B - 12 scrolls of identify
 K - a scroll of blinking
 L - a scroll of fear
 N - 2 scrolls of magic mapping
Potions
 m - 4 potions of flight
 n - a potion of invisibility
 r - a potion of mutation
 u - 5 potions of curing
 I - 3 potions of brilliance
Miscellaneous
 h - a box of beasts
 G - a phantom mirror
 R - a lightning rod (4/4)
Comestibles
 f - 22 rations


   Skills:
 + Level 9.2 Fighting
 + Level 9.2 Short Blades
 + Level 9.2 Long Blades
 + Level 9.2 Axes
 + Level 9.2 Maces & Flails
 + Level 9.2 Polearms
 + Level 9.2 Staves
 + Level 9.2 Slings
 + Level 9.2 Bows
 + Level 9.2 Crossbows
 + Level 9.6 Throwing
 + Level 9.2 Armour
 + Level 9.2 Dodging
 + Level 9.2 Stealth
 + Level 9.2 Shields
 + Level 9.2 Unarmed Combat
 + Level 10.4 Spellcasting
 + Level 7.7 Conjurations
 + Level 7.7 Hexes
 + Level 7.7 Charms
 + Level 7.7 Summonings
 + Level 7.7 Necromancy
 + Level 7.7 Translocations
 + Level 9.5 Transmutations
 + Level 8.7 Fire Magic
 + Level 7.7 Ice Magic
 + Level 7.7 Air Magic
 + Level 7.7 Earth Magic
 + Level 8.0 Poison Magic
 + Level 10.0 Invocations
 + Level 9.6 Evocations


You had 16 spell levels left.
You knew the following spells:

 Your Spells              Type           Power        Failure   Level  Hunger
a - Confuse               Hex            ######..     1%          3    None
b - Tukima's Dance        Hex            ######..     1%          3    None
c - Dazzling Spray        Conj/Hex       ######       1%          3    None
d - Mephitic Cloud        Conj/Pois/Air  ######..     1%          3    None
e - Conjure Flame         Conj/Fire      ######..     1%          3    None
f - Blink                 Tloc           N/A          1%          2    None

Your spell library contained the following spells:

 Spells                   Type           Power        Failure   Level  Hunger
 Magic Dart               Conj           ####         1%          1    None
 Lightning Bolt           Conj/Air       ######....   14%         5    ####...
 Slow                     Hex            ######..     1%          2    None
 Summon Small Mammal      Summ           ####         1%          1    None
 Call Imp                 Summ           ######..     1%          2    None
 Stone Arrow              Conj/Erth      ######       1%          3    None
 Shock                    Conj/Air       ####         1%          1    None
 Swiftness                Chrm/Air       ######..     1%          2    None
 Recall                   Summ/Tloc      N/A          1%          3    None
 Airstrike                Air            ######....   4%          4    None
 Confusing Touch          Hex            ######       1%          1    None
 Passwall                 Tmut/Erth      ######....   1%          2    None
 Ensorcelled Hibernation  Hex/Ice        ######       1%          2    None
 Metabolic Englaciation   Hex/Ice        ######....   14%         5    ####...
 Static Discharge         Conj/Air       ######..     1%          3    None
 Corona                   Hex            ######.      1%          1    None
 Lee's Rapid Deconstruct  Erth           ######....   14%         5    ####...
 Sandblast                Erth           ######       1%          1    None
 Petrify                  Tmut/Erth      ######..     3%          4    None
 Gell's Gravitas          Tloc           ######....   1%          3    None
 Yara's Violent Unravell  Hex/Tmut       ######....   10%         5    ####...


Dungeon Overview and Level Annotations

Branches:
Dungeon (15/15)            Temple (1/1) D:6            Lair (3/6) D:10
 Shoals (0/4) Lair:2       Spider (0/4) Lair:3          Orc (0/2) D:10
 Vaults (0/5) D:13         Depths (0/5) D:15

Altars:
Ashenzari
Cheibriados
Dithmenos
Elyvilon
Fedhas
Gozag
Hepliaklqana
Kikubaaqudgha
Makhleb
Nemelex Xobeh
Okawaru
Qazlal
Ru
Sif Muna
Trog
Uskayaw
Vehumet
Wu Jian
Xom
Yredelemnul
Zin
The Shining One

Shops:
D:5 %[   D:9 [   D:10 ([   D:12 :

Portals:
Trove: D:13 (give 14 scrolls of teleportation)

Annotations:
D:7 1 runed door
Lair:1 2 transporters
Lair:3 feta's ghost, journeyman TrMo


Innate Abilities, Weirdness & Mutations

Your experience applies equally to all skills.
You have very sharp teeth.
Your uncanny sense of smell can sniff out nearby items.
You are agile. (Dex +2)
Your flesh is very heat resistant. (rF++)


Message History

The frost giant hits you with a battleaxe of freezing!!
The frost giant freezes you!
* * * LOW HITPOINT WARNING * * *
Your scale mail "Fuehiaga" prevents you from hitting the frost giant.
The frost giant seems less confused.
You slash the frost giant!
The frost giant is lightly wounded.
The frost giant points at you and mumbles some strange words.
The bolt of cold hits you!
* * * LOW HITPOINT WARNING * * *
You now have 1413 gold pieces (gained 10).
You hear a splash. x2
You feel a bit more experienced.
You slash the frost giant!
Lightning courses through the frost giant!
The frost giant is moderately wounded.
The frost giant gestures at you while chanting.
The bolt of cold hits you!
You die...
Your body crumbles into a pile of gold.

..........)../.#.##'##.#
###########....#.≈...≈.#
#....#c≈...≈.#
#....#.C.≈.≈.#
#|!."#.#.#.#.#
#.[..#≈..#..≈#
####.#≈≈...≈≈#
#.####§#### #.(@C§§#
########


You could see a frost giant.

Vanquished Creatures
  Kirke (D:13)
  A vault guard (D:13)
  A hydra (D:15)
  Erolcha (D:9)
  A centaur warrior (D:15)
  3 two-headed ogres
  Urug (D:11)
  Sonja (D:11)
  5 skeletal warriors
  An unseen horror (D:13)
  A deep troll (Lair:1)
  A wizard (D:15)
  A phantasmal warrior (D:12)
  2 deep elf magi
  4 oklob plants (Lair:3)
  A wolf spider (D:12)
  14 ugly things
  2 manticores
  2 cyclopes (D:15)
  2 black mambas
  2 merfolk sirens (Lair:2)
  2 gargoyles
  An elephant (D:11)
  6 spiny frogs
  3 komodo dragons
  A freezing wraith (D:14)
  A merfolk (Lair:2)
  A polar bear (Lair:2)
  2 jumping spiders (Lair:3)
  8 trolls
  Grinder (D:5)
  14 blink frogs
  8 hippogriffs
  A centaur simulacrum (D:14)
  A redback (Lair:3)
  29 yaks
  2 tarantellas
  A wraith (D:12)
  A wyvern (D:15)
  A basilisk (D:10)
  5 hogs
  A human (D:8)
  2 hungry ghosts
  A vampire mosquito (D:13)
  Menkaure (D:6)
  3 wargs (D:10)
  3 soldier ants
  4 porcupines (Lair:1)
  3 water moccasins
  3 black bears
  An ice beast (D:10)
  A sky beast (D:11)
  7 orc warriors
  An eye of draining (D:15)
  3 necrophages
  4 phantoms
  A hornet zombie (D:11)
  4 ogres
  11 wolves
  11 centaurs
  4 crocodiles
  Blork the orc (D:6)
  3 big kobolds
  10 bullfrogs
  A wyvern zombie (D:10)
  A water moccasin zombie (D:7)
  A wyvern skeleton (D:9)
  5 scorpions
  12 killer bees
  4 wights (D:13)
  2 electric eels (Lair:2)
  3 howler monkeys (D:9)
  3 centaur zombies
  6 crimson imps
  2 bullfrog zombies (D:10)
  8 orc priests
  A gnoll shaman (D:7)
  6 jellies
  12 orc wizards
  6 centaur skeletons
  4 iguanas
  15 worker ants
  Ijyb (D:5)
  3 hound skeletons
  A howler monkey skeleton (D:4)
  A worker ant zombie (D:6)
  14 gnolls
  10 adders
  4 shadow imps
  2 oozes
  5 adder skeletons
  2 adder zombies
  4 worms
  3 dart slugs (D:1)
  6 leopard geckos
  39 orcs
  2 ball pythons
  7 bats
  9 giant cockroaches
  12 goblins
  6 hobgoblins
  4 jackals
  18 kobolds
  8 quokkas
  A frilled lizard (D:2)
  2 quokka skeletons
  10 rats
  A fungus (Lair:2)
  4 plants
491 creatures vanquished.

Vanquished Creatures (collateral kills)
  A death knight (D:14)
  3 ugly things (D:14)
  A hippogriff (D:14)
  A water moccasin (D:7)
  A phantom (D:14)
  A crocodile (D:13)
  2 adders (D:7)
10 creatures vanquished.

Vanquished Creatures (others)
  A human (D:15)
  A water moccasin (D:7)
  A soldier ant (D:7)
  An ogre (D:5)
  A worker ant (D:7)
  2 fungi (Lair:3)
  A plant (Lair:3)
8 creatures vanquished.

Grand Total: 509 creatures vanquished

Notes
Turn   | Place    | Note
-------+----------+-------------------------------------------
     0 | D:1      | Chiseanne the Gnoll Wanderer began the quest for the Orb.
     0 | D:1      | Chiseanne set off with: 11 poisoned needles, a +0 blowgun, a +0 robe, a ration
     0 | D:1      | Reached XP level 1. HP: 13/13 MP: 6/6
   125 | D:1      | Reached XP level 2. HP: 19/19 MP: 7/7
   956 | D:1      | Reached XP level 3. HP: 23/25 MP: 9/9
  1189 | D:2      | Reached skill level 5 in Spellcasting
  1208 | D:2      | Found a faded altar of an unknown god.
  1448 | D:2      | Reached skill level 1 in Invocations
  1461 | D:2      | Reached skill level 1 in Fighting
  1461 | D:2      | Reached skill level 1 in Short Blades
  1461 | D:2      | Reached skill level 1 in Long Blades
  1461 | D:2      | Reached skill level 1 in Axes
  1461 | D:2      | Reached skill level 1 in Maces & Flails
  1461 | D:2      | Reached skill level 1 in Polearms
  1461 | D:2      | Reached skill level 1 in Staves
  1461 | D:2      | Reached skill level 1 in Slings
  1461 | D:2      | Reached skill level 1 in Bows
  1461 | D:2      | Reached skill level 1 in Crossbows
  1461 | D:2      | Reached skill level 1 in Armour
  1461 | D:2      | Reached skill level 1 in Dodging
  1461 | D:2      | Reached skill level 1 in Stealth
  1461 | D:2      | Reached skill level 1 in Shields
  1461 | D:2      | Reached skill level 1 in Unarmed Combat
  1461 | D:2      | Reached XP level 4. HP: 31/32 MP: 11/11
  1484 | D:2      | Found a hide-covered altar of Uskayaw.
  1709 | D:2      | Reached skill level 1 in Conjurations
  1709 | D:2      | Reached skill level 1 in Hexes
  1709 | D:2      | Reached skill level 1 in Charms
  1709 | D:2      | Reached skill level 1 in Summonings
  1709 | D:2      | Reached skill level 1 in Necromancy
  1709 | D:2      | Reached skill level 1 in Translocations
  1709 | D:2      | Reached skill level 1 in Ice Magic
  1709 | D:2      | Reached skill level 1 in Air Magic
  1709 | D:2      | Reached skill level 1 in Earth Magic
  2310 | D:3      | Reached XP level 5. HP: 37/37 MP: 12/12
  2676 | D:3      | Noticed a necrophage
  2689 | D:3      | Killed a necrophage
  2689 | D:3      | Reached XP level 6. HP: 40/43 MP: 13/13
  3400 | D:4      | HP: 2/43 [poisoned by a scorpion]
  3408 | D:4      | HP: 1/43 [poisoned by a scorpion]
  3921 | D:4      | Reached XP level 7. HP: 46/49 MP: 15/15
  4045 | D:4      | Found a hazy altar of Hepliaklqana.
  4650 | D:5      | Entered Level 5 of the Dungeon
  4873 | D:5      | Noticed Grinder
  4899 | D:5      | Killed Grinder
  5008 | D:5      | Reached XP level 8. HP: 56/56 MP: 16/16
  5017 | D:5      | Noticed Ijyb
  5198 | D:5      | Found a shadowy altar of Dithmenos.
  5198 | D:5      | Found Poepn's Food Shoppe.
  5202 | D:5      | Found Joym's Antique Armour Shoppe.
  5654 | D:5      | Killed Ijyb
  5664 | D:6      | Found a staircase to the Ecumenical Temple.
  5674 | Temple   | Entered the Ecumenical Temple
  5801 | D:6      | Gained mutation: You have large cloven feet. [potion of mutation]
  5801 | D:6      | Gained mutation: Your flesh is heat resistant. (rF+) [potion of mutation]
  5801 | D:6      | Gained mutation: You have a pair of small horns on your head. [potion of mutation]
  6237 | D:6      | Noticed Menkaure
  6248 | D:6      | Found a basalt altar of Yredelemnul.
  6384 | D:6      | Noticed Blork the orc
  6388 | D:6      | Killed Blork the orc
  6390 | D:6      | Reached XP level 9. HP: 60/65 MP: 18/18
  6396 | D:6      | Noticed Sigmund
  6400 | D:6      | Noticed Sigmund
  6400 | D:6      | Sigmund changed into Sigmund the ooze
  6401 | D:6      | Killed Sigmund the ooze
  6598 | D:6      | Reached skill level 5 in Fire Magic
  6822 | D:6      | Noticed Edmund
  6824 | D:6      | Noticed Edmund
  6824 | D:6      | Edmund changed into Edmund the iguana
  6826 | D:6      | Killed Edmund the iguana
  6934 | D:6      | Killed Menkaure
  7099 | D:7      | Found a runed gate.
  7100 | D:7      | Found a runed gate.
  7101 | D:7      | Found a runed gate.
  7475 | D:7      | Found a runed door.
  7475 | D:7      | Found a runed door.
  7524 | D:7      | Reached skill level 5 in Throwing
  7524 | D:7      | Reached skill level 5 in Evocations
  7691 | D:7      | Lost mutation: You have large cloven feet. [potion of mutation]
  7691 | D:7      | Lost mutation: You have a pair of small horns on your head. [potion of mutation]
  7691 | D:7      | Gained mutation: You are agile. (Dex +2) [potion of mutation]
  7691 | D:7      | Gained mutation: You are dopey. (Int -2) [potion of mutation]
  7691 | D:7      | Gained mutation: Your flesh is very heat resistant. (rF++) [potion of mutation]
  7691 | D:7      | Lost mutation: You are dopey. (Int -2) [potion of mutation]
  7784 | D:7      | Found an opulent altar of Gozag.
  7792 | D:7      | Became a worshipper of Gozag Ym Sagoz the Greedy
  7849 | D:7      | Found the +9 staff of Olgreb {rPois}
  8126 | D:7      | Reached skill level 5 in Invocations
  8299 | D:7      | Learned a level 3 spell: Confuse
  8501 | D:8      | Reached XP level 10. HP: 73/73 MP: 20/20
  9185 | D:8      | Reached skill level 5 in Fighting
  9185 | D:8      | Reached skill level 5 in Short Blades
  9185 | D:8      | Reached skill level 5 in Long Blades
  9185 | D:8      | Reached skill level 5 in Axes
  9185 | D:8      | Reached skill level 5 in Maces & Flails
  9185 | D:8      | Reached skill level 5 in Polearms
  9185 | D:8      | Reached skill level 5 in Staves
  9185 | D:8      | Reached skill level 5 in Slings
  9185 | D:8      | Reached skill level 5 in Bows
  9185 | D:8      | Reached skill level 5 in Crossbows
  9185 | D:8      | Reached skill level 5 in Armour
  9185 | D:8      | Reached skill level 5 in Dodging
  9185 | D:8      | Reached skill level 5 in Stealth
  9185 | D:8      | Reached skill level 5 in Shields
  9185 | D:8      | Reached skill level 5 in Unarmed Combat
  9458 | D:8      | Learned a level 3 spell: Tukima's Dance
  9462 | D:8      | Learned a level 3 spell: Dazzling Spray
  9648 | D:9      | Noticed Erolcha
  9661 | D:9      | Killed Erolcha
  9661 | D:9      | Reached skill level 5 in Poison Magic
  9909 | D:9      | Found a white marble altar of Elyvilon.
 10066 | D:9      | Found an ancient bone altar of Kikubaaqudgha.
 10828 | D:5      | Bought an opal-encrusted scale mail for 270 gold pieces
 10830 | D:5      | Identified the +3 scale mail "Fuehiaga" {rPois MR+ Str-5 Int+8} (You bought it in a shop on level 5 of the Dungeon)
 10930 | D:10     | Entered Level 10 of the Dungeon
 11036 | D:10     | Reached XP level 11. HP: 81/81 MP: 22/22
 11253 | D:10     | Found a staircase to the Lair.
 11428 | D:10     | Reached skill level 5 in Conjurations
 11428 | D:10     | Reached skill level 5 in Hexes
 11428 | D:10     | Reached skill level 5 in Charms
 11428 | D:10     | Reached skill level 5 in Summonings
 11428 | D:10     | Reached skill level 5 in Necromancy
 11428 | D:10     | Reached skill level 5 in Translocations
 11428 | D:10     | Reached skill level 5 in Ice Magic
 11428 | D:10     | Reached skill level 5 in Air Magic
 11428 | D:10     | Reached skill level 5 in Earth Magic
 11715 | D:10     | Found Eshraschie's Antique Armour Shoppe.
 11741 | D:10     | Found a staircase to the Orcish Mines.
 12463 | D:9      | Bought the +3 crown of Dyrovepreva {rElec Int+2 SInv} for 538 gold pieces
 12463 | D:9      | Found the +3 crown of Dyrovepreva {rElec Int+2 SInv}
 12739 | D:11     | Noticed a cyclops
 12740 | D:11     | a cyclops changed into an elephant
 12838 | D:11     | Noticed Sonja
 12857 | D:11     | Killed Sonja
 12887 | D:11     | Noticed a green ugly thing
 12984 | D:11     | Noticed Urug
 13002 | D:11     | Killed Urug
 13543 | D:11     | Reached XP level 12. HP: 89/89 MP: 24/24
 14166 | D:12     | Found Yvvybac's Book Shop.
 14277 | D:12     | Noticed a death knight
 14504 | Lair:1   | Entered Level 1 of the Lair of Beasts
 14710 | D:10     | Bought a twisted chain mail for 275 gold pieces
 14710 | D:10     | Bought an embroidered cloak for 217 gold pieces
 14716 | D:10     | Identified the cursed +0 chain mail of Cemuamn {rElec} (You bought it in a shop on level 10 of the Dungeon)
 14824 | Lair:1   | Noticed Harold
 14834 | Lair:1   | Noticed Harold
 14834 | Lair:1   | Harold changed into Harold the deep troll
 14837 | Lair:1   | Killed Harold the deep troll
 15656 | Lair:1   | Got an iridescent falchion
 15657 | Lair:1   | Identified the +6 falchion of Demonkind {slice, Dex+3} (You found it on level 1 of the Lair of Beasts)
 15829 | Lair:1   | Found a transporter.
 15855 | Lair:1   | Found a transporter.
 16685 | Lair:2   | Found a staircase to the Shoals.
 16991 | Lair:2   | Identified the cursed +0 scale mail of Atsaseke {Str+5} (You found it on level 2 of the Lair of Beasts)
 17721 | Lair:3   | Found a hole to the Spider Nest.
 17727 | Lair:3   | Reached XP level 13. HP: 98/98 MP: 13/26
 19261 | Lair:3   | Identified the +3 ring mail "Imioddun" {rC+ Regen+} (You found it on level 3 of the Lair of Beasts)
 19459 | Lair:3   | Learned a level 3 spell: Mephitic Cloud
 19463 | Lair:3   | Learned a level 3 spell: Conjure Flame
 19466 | Lair:3   | Learned a level 2 spell: Blink
 19954 | Lair:3   | Noticed feta's ghost (journeyman TrMo)
 20060 | D:10     | Bought a runed broad axe for 189 gold pieces
 21063 | D:13     | Found a portal to a secret trove of treasure.
 22380 | D:13     | Found a gate to the Vaults.
 22380 | D:13     | Noticed a vault guard
 22396 | D:13     | Killed a vault guard
 22545 | D:13     | Noticed Kirke
 22552 | D:13     | Noticed a sphinx
 22552 | D:13     | Killed Kirke
 22788 | D:14     | Reached skill level 10 in Spellcasting
 23010 | D:14     | Reached XP level 14. HP: 106/106 MP: 28/28
 24280 | D:14     | Found a glowing golden altar of the Shining One.
 24481 | D:15     | Entered Level 15 of the Dungeon
 24839 | D:15     | Found an ornate altar of the Wu Jian Council.
 24991 | D:15     | Reached skill level 10 in Invocations
 25186 | D:15     | Found a staircase to the Depths.
 25186 | D:15     | Noticed a frost giant
 25236 | D:15     | Killed from afar by a frost giant

Vault maps used:
D:1:      lemuel_arrival_hallway
D:2:      eat_drink_and_be_merry_uskayaw, first_ration,
          chequers_ecumenical_altar_simple
D:4:      overflow_temple_1_default
D:5:      grunt_dithmenos_smoke, serial_shops, shop, kennysheep_mini_moat,
          uniq_ijyb, uniq_grinder
D:6:      old_standard_altar, minmay_temple_entry_trees,
          nicolae_ossuary_entry_plus, uniq_menkaure, uniq_blork_the_orc,
          uniq_sigmund, uniq_edmund
D:7:      lemuel_coloured_pillars_altar, minmay_guarded_unrand_staff_of_olgreb
D:8:      grunt_livestock
D:9:      old_standard_altar, elyvilon_altar_5, lightli_orcish_oven,
          uniq_erolcha
D:10:     david_lair_generic, minmay_orc_entry_guard_dogs, serial_shops, shop
D:11:     uniq_sonja, uniq_urug
D:12:     serial_shops, shop
D:13:     david_vaults_5, nicolae_trove_entry_free_sample, uniq_kirke
D:14:     abandoned_shop, kennysheep_decorative_pillar,
          nicolae_tso_swordbearing_angel
D:15:     grunt_enter_depths_snipers, old_standard_altar
Temple:   eino_wide_crystal_templ
Lair:1:   gammafunk_cloud_chamber, serial_forest, infiniplex_forest_end_2,
          infiniplex_forest_clump_curved, infiniplex_forest_lined_room_2,
          infiniplex_forest_end_2, infiniplex_forest_corner_2,
          infiniplex_forest_clump_diagonal, beast_lair_carwin_10, uniq_harold
Lair:2:   elwin_shoals_entry_rooms, patterned_corridor
Lair:3:   spider_nest_entry_a, minmay_lair_oklob_chamber

Skill      XL: |  1  2  3  4  5  6  7  8  9 10 11 12 13 14 |
---------------+-------------------------------------------+-----
Poison Magic   | 2 3 4 5 6 7 8 |  8.0
Spellcasting   | 5 6 7 8 9 10 | 10.4
Invocations    | 1 2 3 4 5 6 7 8 9 10 | 10.0
Fighting       | 1 2 3 4 5 6 7 8 9 |  9.2
Short Blades   | 1 2 3 4 5 6 7 8 9 |  9.2
Long Blades    | 1 2 3 4 5 6 7 8 9 |  9.2
Axes           | 1 2 3 4 5 6 7 8 9 |  9.2
Maces & Flails | 1 2 3 4 5 6 7 8 9 |  9.2
Polearms       | 1 2 3 4 5 6 7 8 9 |  9.2
Staves         | 1 2 3 4 5 6 7 8 9 |  9.2
Slings         | 1 2 3 4 5 6 7 8 9 |  9.2
Bows           | 1 2 3 4 5 6 7 8 9 |  9.2
Crossbows      | 1 2 3 4 5 6 7 8 9 |  9.2
Armour         | 1 2 3 4 5 6 7 8 9 |  9.2
Dodging        | 1 2 3 4 5 6 7 8 9 |  9.2
Stealth        | 1 2 3 4 5 6 7 8 9 |  9.2
Shields        | 1 2 3 4 5 6 7 8 9 |  9.2
Unarmed Combat | 1 2 3 4 5 6 7 8 9 |  9.2
Conjurations   | 1 2 3 4 5 6 7 |  7.7
Hexes          | 1 2 3 4 5 6 7 |  7.7
Charms         | 1 2 3 4 5 6 7 |  7.7
Summonings     | 1 2 3 4 5 6 7 |  7.7
Necromancy     | 1 2 3 4 5 6 7 |  7.7
Translocations | 1 2 3 4 5 6 7 |  7.7
Ice Magic      | 1 2 3 4 5 6 7 |  7.7
Air Magic      | 1 2 3 4 5 6 7 |  7.7
Earth Magic    | 1 2 3 4 5 6 7 |  7.7
Throwing       | 3 4 5 6 7 8 9 |  9.6
Fire Magic     | 4 5 6 7 8 |  8.7
Evocations     | 3 4 5 6 7 8 9 |  9.6
Transmutations | 6 7 8 9 |  9.5

Action                   |  1- 3 |  4- 6 |  7- 9 | 10-12 | 13-15 || total
-------------------------+-------+-------+-------+-------+-------++-------
Melee: Hand axe          |    43 |   142 |   383 |   505 |    60 ||  1133
       Bite              |     4 |    12 |    47 |    62 |    71 ||   196
       Headbutt          |       |       |    29 |       |       ||    29
       Punch             |       |       |     4 |    12 |    22 ||    38
       Staff             |       |       |       |    40 |     7 ||    47
       Short sword       |       |       |       |     4 |       ||     4
       Broad axe         |       |       |       |       |   355 ||   355
       Falchion          |       |       |       |       |    24 ||    24
 Fire: Blowgun           |    48 |     9 |     7 |       |       ||    64
Throw: Stone             |       |     1 |     1 |     1 |       ||     3
       Javelin           |       |       |       |    31 |    27 ||    58
       Tomahawk          |       |       |       |     7 |       ||     7
 Cast: Confuse           |       |       |       |     3 |     6 ||     9
       Tukima's Dance    |       |       |       |       |    13 ||    13
       Mephitic Cloud    |       |       |       |       |    33 ||    33
       Conjure Flame     |       |       |       |       |     2 ||     2
Invok: Call Merchant     |       |       |       |     1 |     1 ||     2
Evoke: Wand              |       |       |    46 |    20 |    25 ||    91
       Staff of Olgreb   |       |       |       |    90 |    24 ||   114
       Lightning rod     |       |       |       |       |     4 ||     4
       Box of beasts     |       |       |       |       |     3 ||     3
  Use: Scroll            |     6 |    12 |     7 |    13 |     3 ||    41
       Potion            |       |       |     8 |     1 |    10 ||    19
 Stab: Sleeping          |       |     1 |     8 |     3 |     5 ||    17
       Distracted        |       |       |     1 |     6 |     4 ||    11
       Paralysed         |       |       |       |     2 |       ||     2
       Confused          |       |       |       |     1 |    21 ||    22
  Eat: Chunk             |     2 |     6 |    15 |       |       ||    23
       Ration            |       |       |     2 |    12 |     7 ||    21
Armor: Robe              |     6 |       |       |       |       ||     6
       Ring mail         |    18 |    69 |   132 |    83 |       ||   302
       Skin              |       |       |    64 |       |       ||    64
       Scale mail        |       |       |       |   222 |   258 ||   480
Dodge: Dodged            |    40 |    92 |   210 |   440 |   317 ||  1099
       Rpst.: Falchion   |       |       |       |       |     2 ||     2

Table legend:
 A = Spawn XP
 B = Non-spawn XP
 C = Spawn XP percentage of total XP
 D = Spawn monster count
 E = Non-spawn monster count
 F = Spawn count percentage of total count
 G = Total turns spent on level
                    A         B        C        D         E        F      G
               +---------+---------+-------+---------+---------+-------+---------
         Total |       0 |   74710 |   0.0 |       0 |     498 |   0.0 | 25236
               +---------+---------+-------+---------+---------+-------+---------
           D:1 |       0 |      36 |   0.0 |       0 |      17 |   0.0 |  1145
           D:2 |       0 |     109 |   0.0 |       0 |      28 |   0.0 |   957
           D:3 |       0 |     273 |   0.0 |       0 |      28 |   0.0 |  1213
           D:4 |       0 |     288 |   0.0 |       0 |      15 |   0.0 |  1335
           D:5 |       0 |     764 |   0.0 |       0 |      18 |   0.0 |  1027
           D:6 |       0 |    1314 |   0.0 |       0 |      31 |   0.0 |  1359
           D:7 |       0 |    1703 |   0.0 |       0 |      43 |   0.0 |  1316
           D:8 |       0 |    2173 |   0.0 |       0 |      33 |   0.0 |  1330
           D:9 |       0 |    2420 |   0.0 |       0 |      22 |   0.0 |  1245
          D:10 |       0 |    4928 |   0.0 |       0 |      38 |   0.0 |  1630
          D:11 |       0 |    5007 |   0.0 |       0 |      35 |   0.0 |  1571
          D:12 |       0 |    4764 |   0.0 |       0 |      21 |   0.0 |  1202
          D:13 |       0 |   11191 |   0.0 |       0 |      35 |   0.0 |  1882
          D:14 |       0 |   10752 |   0.0 |       0 |      34 |   0.0 |  1698
          D:15 |       0 |   10929 |   0.0 |       0 |      29 |   0.0 |   755
        Lair:1 |       0 |    5002 |   0.0 |       0 |      20 |   0.0 |  1472
        Lair:2 |       0 |    5608 |   0.0 |       0 |      26 |   0.0 |  1597
        Lair:3 |       0 |    7449 |   0.0 |       0 |      25 |   0.0 |  2432
               +---------+---------+-------+---------+---------+-------+---------
